 Dungeon Crawl Stone Soup version 0.20-a0-16-g0876c8e (webtiles) character file.

4429 Millan the Archer (level 10, -3/63 HPs)
             Began as a High Elf Hunter on Nov 4, 2016.
             Was an Elder of Hepliaklqana.
             Slain by Pikel
             ... wielding a +1 whip of electrocution
              (7 damage)
             ... on level 8 of the Dungeon.
             The game lasted 00:59:36 (11862 turns).

Millan the Archer (High Elf Hunter)                Turns: 11862, Time: 00:59:36

Health: -3/63      AC:  7    Str: 11    XL:     10   Next: 14%
Magic:  0/12       EV: 15    Int: 16    God:    Hepliaklqana [****..]
Gold:   154        SH:  0    Dex: 19    Spells: 2 memorised, 7 levels left

rFire  + . .     SeeInvis .     a - +1 shortbow
rCold  . . .     Gourm    .     D - +2 robe {MR+}
rNeg   . . .     Faith    .     (shield currently unavailable)
rPois  .         Spirit   +     (no helmet)
rElec  .         Reflect  .     P - +1 cloak {MR+}
rCorr  .         Harm     .     v - +0 pair of gloves
MR     ++++.                    (no boots)
Stlth  +.........               h - amulet of guardian spirit
                                B - ring of protection from fire
                                s - ring of protection from magic

@: confused, singing
A: reduced essence
a: Recall Ancestor, Ancestor Identity, Transference, Idealise, Renounce
Religion, Stop Singing


You were on level 8 of the Dungeon.
You worshipped Hepliaklqana.
Hepliaklqana was greatly pleased with you.
You were not hungry.

You visited 2 branches of the dungeon, and saw 9 of its levels.

You collected 509 gold pieces.
You spent 355 gold pieces at shops.

Inventory:

Hand Weapons
 a - a +1 shortbow (weapon)
 k - a +1 hand axe of freezing
 L - a +0 short sword of venom
Missiles
 d - 44 arrows (quivered)
Armour
 b - a +0 helmet
 v - a +0 pair of gloves (worn)
 D - a +2 robe of magic resistance (worn)
 P - a +1 cloak of magic resistance (worn)
Jewellery
 h - an amulet of guardian spirit (around neck)
 s - a ring of protection from magic (left hand)
 B - a ring of protection from fire (right hand)
Wands
 C - a wand of enslavement (3/24)
 N - a wand of slowing (17/48)
Scrolls
 e - a scroll of noise
 i - a scroll of enchant weapon {unknown}
 l - 2 scrolls of remove curse
 r - 2 scrolls of recharging
 x - a scroll of fog {unknown}
 z - 2 scrolls of immolation {unknown}
 A - 2 scrolls of enchant armour {unknown}
 E - a scroll of acquirement {unknown}
 H - a scroll of blinking {unknown}
 J - 2 scrolls of teleportation
Potions
 g - 2 potions of might
 j - a potion of haste
 m - 4 potions of berserk rage
 n - 3 potions of brilliance
 o - 3 potions of ambrosia
 q - 2 potions of lignification
 u - a potion of resistance {unknown}
 M - a potion of agility {unknown}
Books
 c - a book of Geomancy

   Spells                             Type                      Level
   a - Sandblast                      Earth                        1
   b - Passwall                       Transmutation/Earth          2
   c - Stone Arrow                    Conjuration/Earth            3
   d - Petrify                        Transmutation/Earth          4
   e - Lee's Rapid Deconstruction     Earth                        5
 F - a book of Battle

   Spells                             Type                      Level
   a - Infusion                       Charms                       1
   b - Shroud of Golubria             Charms/Translocation         2
   c - Song of Slaying                Charms                       2
   d - Spectral Weapon                Hexes/Charms                 3
   e - Regeneration                   Charms/Necromancy            3
 I - a book of Changes

   Spells                             Type                      Level
   a - Beastly Appendage              Transmutation                1
   b - Sticks to Snakes               Transmutation                2
   c - Spider Form                    Transmutation/Poison         3
   d - Ice Form                       Ice/Transmutation            4
   e - Blade Hands                    Transmutation                5
Comestibles
 f - 5 meat rations
 K - a royal jelly


   Skills:
 + Level 7.2 Fighting
 + Level 4.8 Short Blades
 + Level 14.4 Bows
 + Level 2.2 Armour
 + Level 4.3 Dodging
 + Level 4.0 Stealth
 + Level 1.0 Spellcasting
 + Level 0.8 Charms


You had 7 spell levels left.
You knew the following spells:

 Your Spells              Type           Power        Failure   Level  Hunger
a - Song of Slaying       Chrm           #.......     24%         2    ###....
b - Shroud of Golubria    Chrm/Tloc      #.........   30%         2    ###....


Dungeon Overview and Level Annotations

Branches:
Dungeon (8/15)             Temple (1/1) D:7            Lair (0/6) D:8

Altars:
Ashenzari
Cheibriados
Dithmenos
Elyvilon
Fedhas
Gozag
Hepliaklqana
Kikubaaqudgha
Makhleb
Nemelex Xobeh
Okawaru
Qazlal
Ru
Sif Muna
Trog
Uskayaw
Vehumet
Xom
Yredelemnul
Zin
The Shining One

Shops:
D:4 [   D:6 *:[

Annotations:
D:8 Pikel


Message History

Pikel is moderately wounded.
Pikel hits you with a whip of electrocution.
You are electrocuted!
Lily hits the slave with a dagger of draining.
Lily drains the slave!
Firing (i - inventory):
d - 45 arrows (quivered)
Press: ? - help, Shift-Dir - straight line, f/p - Pikel
Aim: Pikel, wielding a whip of electrocution and wearing a robe (moderately wounded)
You shoot an arrow.
The arrow hits Pikel but does no damage.
Pikel is moderately wounded.
Pikel hits you with a whip of electrocution.
You are electrocuted!
* * * LOW HITPOINT WARNING * * *
You are confused.
You feel invigorated.
Lily hits the slave but does no damage.
Pikel hits you with a whip of electrocution.
* * * LOW HITPOINT WARNING * * *
You are electrocuted!
You die...

.##.######.......####
.....................
.())####.........#.#
#).)[<##.......###.#
#.######.......###.#
#[## #.........#.#
(.(# #...........##
...#
##........Pp.######
...#
#........@p..(.....
...#
#.....♣..♣KR[.####
...# ♣.......♣...♣..#
.....
..........P..((#
...###
......>.P..♣..(...
...#
..........♣..♣....(
...#
♣......P.P........(
...# #....♣.♣......
.(.. #.
####P...........(.
...


You could see the friendly Lily the hexer, Pikel and 2 slaves.

Vanquished Creatures
  Maurice (D:8)
  Joseph (D:8)
  4 yaks
  A basilisk (D:8)
  The ghost of Millan the Bolt Thrower, an amateur KoAM of Dithmenos (D:3)
  An orc warrior (D:8)
  A porcupine (D:7)
  A slave (D:8)
  An ice beast (D:5)
  5 ogres
  A phantom (D:5)
  A bullfrog (D:7)
  A water moccasin zombie (D:7)
  2 scorpions
  A killer bee (D:7)
  3 wights (D:6)
  2 howler monkeys (D:7)
  5 crimson imps
  A centaur zombie (D:5)
  A hound (D:7)
  A jelly (D:6)
  8 orc wizards
  5 orc priests
  Terence (D:3)
  2 worker ant zombies
  7 adders
  2 gnolls (D:7)
  A howler monkey skeleton (D:4)
  3 river rats (D:8)
  A shadow imp (D:7)
  An ooze (D:2)
  2 adder skeletons
  A worm (D:4)
  A dart slug (D:2)
  8 leopard geckos
  23 orcs
  3 bats
  2 giant cockroaches
  14 goblins
  12 hobgoblins
  8 jackals
  4 frilled lizards
  6 kobolds
  A leopard gecko zombie (D:6)
  9 rats
161 creatures vanquished.

Vanquished Creatures (collateral kills)
  A yak (D:8)
  The ghost of GordonOverkill the Chopper, an amateur HOSk (D:4)
  A water moccasin (D:7)
  A porcupine (D:7)
  A slave (D:8)
  An ogre (D:4)
  2 wights (D:6)
  An orc priest (D:7)
  3 iguanas
  A worker ant (D:6)
  A howler monkey skeleton (D:8)
  A gnoll (D:7)
  2 adders
  A worm (D:3)
  A leopard gecko (D:2)
  A bat (D:3)
  A giant cockroach (D:7)
  2 goblins
  A hobgoblin (D:3)
  3 jackals
  A quokka (D:8)
  2 frilled lizards (D:3)
30 creatures vanquished.

Vanquished Creatures (others)
  5 hexers (D:8)
  4 ancestors (D:3)
  A fungus (D:8)
  4 plants (D:8)
  4 toadstools (D:1)
18 creatures vanquished.

Grand Total: 209 creatures vanquished

Notes
Turn   | Place    | Note
-------+----------+-------------------------------------------
     0 | D:1      | Millan the High Elf Hunter began the quest for the Orb.
     0 | D:1      | Reached XP level 1. HP: 14/14 MP: 2/2
   275 | D:1      | Reached XP level 2. HP: 18/19 MP: 3/3
   443 | D:1      | Reached skill level 6 in Bows
   867 | D:2      | Reached XP level 3. HP: 24/24 MP: 4/4
   923 | D:2      | Found a hazy altar of Hepliaklqana.
   998 | D:2      | Became a worshipper of Hepliaklqana the Forgotten
  1307 | D:2      | Found a shadowy altar of Dithmenos.
  1374 | D:2      | Found a glowing silver altar of Zin.
  1448 | D:2      | Reached skill level 7 in Bows
  1448 | D:2      | Reached XP level 4. HP: 26/27 MP: 3/5
  1803 | D:2      | Reached * piety under Hepliaklqana
  2130 | D:3      | Noticed Millan's ghost (amateur KoAM)
  2417 | D:3      | Killed Millan's ghost
  2417 | D:3      | Reached skill level 8 in Bows
  2417 | D:3      | Reached skill level 1 in Armour
  2417 | D:3      | Reached XP level 5. HP: 9/31 MP: 3/6
  2992 | D:3      | Noticed Terence
  3279 | D:3      | Killed Terence
  3279 | D:3      | Reached XP level 6. HP: 36/36 MP: 7/7
  3443 | D:4      | Found a bloodstained altar of Trog.
  3502 | D:4      | Found Pemen's Antique Armour Shoppe.
  3588 | D:4      | Reached ** piety under Hepliaklqana
  3593 | D:4      | Noticed GordonOverkill's ghost (amateur HOSk)
  3619 | D:4      | Killed GordonOverkill's ghost
  3619 | D:4      | Reached skill level 9 in Bows
  3622 | D:4      | Remembered your ancestor Lily as a hexer
  3979 | D:4      | Reached XP level 7. HP: 30/41 MP: 5/8
  4211 | D:4      | Reached skill level 10 in Bows
  4489 | D:5      | Entered Level 5 of the Dungeon
  5537 | D:5      | Reached skill level 11 in Bows
  5537 | D:5      | Reached XP level 8. HP: 48/48 MP: 9/9
  5589 | D:5      | Found a sacrificial altar of Ru.
  5826 | D:5      | Found a snail-covered altar of Cheibriados.
  5978 | D:5      | Reached *** piety under Hepliaklqana
  6468 | D:6      | Found a blossoming altar of Fedhas.
  6481 | D:6      | Found Sinaduus's General Store.
  6487 | D:6      | Bought a scroll of identify for 30 gold pieces
  6552 | D:6      | Found Huaqe's Antique Armour Shop.
  6666 | D:6      | Reached skill level 5 in Fighting
  6666 | D:6      | Reached skill level 12 in Bows
  6801 | D:6      | Found Velafus's Book Shop.
  6804 | D:6      | Bought a book of Changes for 325 gold pieces
  6879 | D:6      | Found a white marble altar of Elyvilon.
  6883 | D:6      | Learned a level 2 spell: Song of Slaying
  7353 | D:7      | Found a staircase to the Ecumenical Temple.
  7372 | Temple   | Entered the Ecumenical Temple
  7546 | Temple   | Reached **** piety under Hepliaklqana
  8235 | D:7      | Reached skill level 13 in Bows
  8235 | D:7      | Reached XP level 9. HP: 32/55 MP: 5/10
  8869 | D:8      | Noticed Maurice
  8896 | D:8      | Killed Maurice
  9175 | D:8      | Noticed Joseph
  9505 | D:8      | Killed Joseph
  9505 | D:8      | Reached skill level 1 in Short Blades
  9505 | D:8      | Reached skill level 14 in Bows
  9505 | D:8      | Reached skill level 1 in Spellcasting
 11060 | D:8      | Reached XP level 10. HP: 36/63 MP: 7/12
 11488 | D:8      | Found a blossoming altar of Fedhas.
 11535 | D:8      | Learned a level 2 spell: Shroud of Golubria
 11831 | D:8      | Found a staircase to the Lair.
 11840 | D:8      | Noticed Pikel
 11862 | D:8      | Slain by Pikel

Vault maps used:
D:1:      ldierk_walled_garden_2
D:2:      old_standard_altar, grunt_temple_overflow_open
D:3:      cheibrodos_greedy_goblins, uniq_jessica, uniq_terence
D:4:      lemuel_coloured_pillars_altar, first_bread, serial_shops,
          nicolae_shop_behind_doors, gup_sewer_entry_bubbles,
          uniq_crazy_yiuf_cottage
D:5:      nicolae_ru_path_of_blood, nicolae_overflow_crystal_walls,
          minmay_small_thing
D:6:      overflow_temple_1_default, serial_shops, nicolae_shop_behind_doors,
          nicolae_shop_behind_doors, nicolae_shop_trees, fedhas_altar_3
D:8:      minmay_lair_entry_grove, basic_altar, uniq_joseph, uniq_maurice,
          uniq_pikel
Temple:   eino_narrow_crystal_temple

Skill      XL: |  1  2  3  4  5  6  7  8  9 10 |
---------------+-------------------------------+-----
Bows           | 6 7 8 9 11 13 14 | 14.4
Armour         | 1 2 |  2.2
Fighting       | 3 4 5 7 |  7.2
Stealth        | 2 3 4 |  4.0
Dodging        | 3 4 |  4.3
Short Blades   | 4 |  4.8
Spellcasting   | 1 |  1.0
Charms         | |  0.8

Action                   |  1- 3 |  4- 6 |  7- 9 | 10-12 || total
-------------------------+-------+-------+-------+-------++-------
Melee: Shortbow          |       |     1 |     3 |       ||     4
       Short sword       |       |       |    88 |    26 ||   114
 Fire: Shortbow          |   102 |   197 |   332 |    35 ||   666
 Cast: Song of Slaying   |       |       |     1 |     1 ||     2
Invok: Ancestor Identity |     1 |       |       |       ||     1
       Recall Ancestor   |       |     1 |     2 |       ||     3
       Ancestor Life: He |       |     1 |       |       ||     1
  Use: Scroll            |       |     3 |     1 |     7 ||    11
       Potion            |       |       |     2 |     1 ||     3
 Stab: Confused          |       |       |     2 |       ||     2
       Distracted        |       |       |     1 |     1 ||     2
  Eat: Chunk             |     1 |     2 |     2 |       ||     5
       Beef jerky        |       |     1 |       |     2 ||     3
       Pizza             |       |     2 |       |       ||     2
       Bread ration      |       |       |     5 |       ||     5
Armor: Leather armour    |    13 |    22 |     8 |       ||    43
       Robe              |       |       |    41 |     5 ||    46
Dodge: Dodged            |    25 |    21 |   130 |    18 ||   194
